 Dungeon Crawl Stone Soup version 0.28-a0-691-gad6df49e81 (webtiles) character file.

Game seed: 4560684824301292527

63 voltaire321 the Charlatan (level 3, -3/27 HPs)
             Began as a Demonspawn Artificer on Oct 20, 2021.
             Killed by nerve-wracking pain
             ... invoked by Jessica
              (12 damage)
             ... on level 2 of the Dungeon.
             The game lasted 00:04:27 (2335 turns).

voltaire321 the Charlatan (Demonspawn Artificer)    Turns: 2335, Time: 00:04:27

Health: -3/27      AC:  9    Str: 15    XL:     3   Next: 87%
Magic:  3/3        EV: 11    Int: 12    God:
Gold:   80         SH:  3    Dex: 14    Spells: 2/2 levels left

rFire   . . .      SeeInvis .   k - +0 short sword
rCold   . . .      Faith    .   i - +0 buckler
rNeg    . . .      Spirit   .   b - +0 leather armour
rPois   .          Reflect  .   j - +2 helmet
rElec   .          Harm     .   (no cloak)
rCorr   .          Rampage  .   f - +2 pair of gloves {Str+3}
Will    .....                   (no boots)
Stlth   +.........              (no amulet)
HPRegen 0.09/turn               (no ring)
MPRegen 0.16/turn               (no ring)

@: no status effects
A: claws 1, magic regeneration
a: no special abilities


You were on level 2 of the Dungeon.
You visited 1 branch of the dungeon, and saw 2 of its levels.

You collected 80 gold pieces.

Inventory:

Hand Weapons
 k - a +0 short sword (weapon)
Missiles
 l - 13 poisoned darts
Armour
 b - a +0 leather armour (worn)
 f - a +2 pair of gloves of strength (worn)
 i - a +0 buckler (worn)
 j - a +2 helmet (worn)
Wands
 c - a wand of flame (15) (quivered)
 d - a wand of charming (15)
Scrolls
 a - 3 scrolls of identify {unknown}
 h - a scroll of amnesia {unknown}
Potions
 g - a potion of brilliance {unknown}
Miscellaneous
 e - a piece from Xom's chessboard (15/15)


   Skills:
 + Level 1.9 Fighting
 + Level 2.4 Armour
 + Level 1.8 Dodging
 - Level 0.8 Stealth
 + Level 0.2 Shields
 + Level 3.4 Evocations


You had 2 spell levels left.
You didn't know any spells.
Your spell library contained the following spells:

 Spells                   Type           Power      Damage    Failure   Level
 Corpse Rot               Necr/Air       0%         N/A       69%         2
 Poisonous Vapours        Pois/Air       0%         N/A       69%         2


Dungeon Overview and Level Annotations

Branches:
Dungeon (2/15)

Altars:

Annotations:
D:2 Jessica


Innate Abilities, Weirdness & Mutations

You have sharp fingernails.
You regenerate magic rapidly.


Message History

The adder barely misses you.
Jessica casts a spell.
Jessica blinks!
The adder barely misses you.
You hit the adder but do no damage. The adder closely misses you.
The adder bites you but does no damage.
Jessica gestures wildly while chanting.
Jessica blinks!
You barely miss the adder. You block the adder's attack.
The adder completely misses you.
You closely miss the adder. The adder bites you but does no damage.
You hit the adder.
The adder is heavily wounded.
The adder bites you.
You are poisoned.
The adder poisons you! The adder bites you but does no damage.
You hit the adder.
The adder is severely wounded.
You feel sick. The adder bites you but does no damage.
You closely miss the adder.
The adder is severely wounded.
You feel sick. Jessica says, "Why did you come here?" The adder bites you.
The adder closely misses you.
You miss the adder.
The adder is severely wounded.
You feel sick. The adder bites you but does no damage.
You hit the adder.
You kill the adder!
You feel sick. Jessica gestures at you while chanting.
Pain shoots through your body!
You feel sick.
You are no longer poisoned.
You block Jessica's attack.
You hit Jessica but do no damage. You block Jessica's attack.
You completely miss Jessica. Jessica casts a spell at you.
Pain shoots through your body!
You die...

...... ...#....#.###≈ #....#
#####.#...##.. #....#
#....##... #....# ###.##....
#....# # ###....§ #....#.#
##.....§ #......# #§§.§§§§
###.###### #§.(§§§# #@@....#
#...§§## ################.#
#...≈≈# ♣ #...........####.#
#....≈## ♣##
#.##.##.###.#....#####....≈§#


PP# #.##.#...............#≈....≈§ #P♣ #......#..#..#...###.##.....≈ ..♣
#.###.###...###..# #.###..... P## #.###..#..#..#...# #..###.... P#♣
#........##....### ##.# ##... You could see Jessica.

Vanquished Creatures
  An adder (D:2)
  A dart slug (D:1)
  6 endoplasms
  4 giant cockroaches (D:1)
  4 goblins
  A hobgoblin (D:2)
  4 jackals (D:2)
  4 quokkas
  4 ball pythons
  2 frilled lizards
  9 kobolds
  7 rats
47 creatures vanquished.

Vanquished Creatures (others)
  15 plants (D:2)
15 creatures vanquished.

Grand Total: 62 creatures vanquished

Notes
Turn   | Place    | Note
-------+----------+-------------------------------------------
     0 | D:1      | voltaire321 the Demonspawn Artificer began the quest for
                  | the Orb.
     0 | D:1      | Reached XP level 1. HP: 15/15 MP: 1/1
    48 | D:1      | Reached skill level 1 in Dodging
   430 | D:1      | Gained mutation: You have sharp fingernails. [demonic
                  | ancestry]
   430 | D:1      | Reached XP level 2. HP: 21/21 MP: 2/2
  1553 | D:2      | Gained mutation: You regenerate magic rapidly. [demonic
                  | ancestry]
  1553 | D:2      | Reached XP level 3. HP: 25/26 MP: 3/3
  2315 | D:2      | Noticed Jessica
  2335 | D:2      | Killed from afar by Jessica

Illustrated notes

Levels and vault maps discovered:
D:1:      dpeg_arrival_windows_large_door, layout_basic
D:2:      layout_loops_cross, minmay_strange_pillars, kennysheep_donut,
          lexackson_kobold_supper, uniq_jessica

Skill      XL: |  1 |
---------------+----+-----
Dodging        | 1 |  1.8
Armour         | 2 |  2.4
Fighting       | |  1.9
Stealth        | |  0.8
Shields        | |  0.2
Evocations     | |  3.4

Action                   || total
-------------------------++-------
Melee: Club              ||    54
       Dagger            ||    92
       Short sword       ||    84
 Stab: Sleeping          ||     5
Armor: Leather armour    ||    97
Dodge: Dodged            ||   118
Block: Buckler           ||     5

Table legend: (Time is in decaauts)
 A = Elapsed time spent in this place.
 B = Non-inter-level travel time spent in this place.
 C = Inter-level travel time spent in this place.
 D = Time resting spent in this place.
 E = Time spent auto-exploring this place.
 F = Levels seen in this place.
 G = Mean time per level.
                   A        B        C        D        E       F      G
               +--------+--------+--------+--------+--------+-----+--------+
         Total |   2363 |   2348 |     15 |    502 |   1337 |   2 | 1181.5 |
       Dungeon |   2363 |   2348 |     15 |    502 |   1337 |   2 | 1181.5 |
               +--------+--------+--------+--------+--------+-----+--------+

Top non-repeatable levels by time:
     D:1: 1485 daAuts
     D:2: 877 daAuts
